 Dungeon Crawl Stone Soup version 0.30-a0-325-gb515db48ae (webtiles) character file.

Game seed: 17538873586813579065

26233 Kazma the Fighter (level 13, -1/162 HPs)
             Began as a Human Fighter on Oct 28, 2022.
             Was the Champion of Okawaru.
             Slain by a death yak (13 damage)
             ... on level 4 of the Lair of Beasts.
             The game lasted 02:03:27 (15193 turns).

Kazma the Fighter (Human Fighter)                  Turns: 15193, Time: 02:03:28

Health: -1/162     AC: 26    Str: 36    XL:     13   Next: 56%
Magic:  11/18      EV:  2    Int: 10    God:    Okawaru [******]
Gold:   864        SH: 22    Dex: 12    Spells: 12/12 levels left

rFire   . . .      SeeInvis .    G - +6 flail "Uduiri" {flame, Fly rPois Will- Str+3}
rCold   . . .      Faith    .    z - +4 tower shield
rNeg    . . .      Spirit   .    (body armour currently unavailable)
rPois   +          Reflect  .    (helmet currently unavailable)
rElec   .          Harm     .    (cloak currently unavailable)
rCorr   .          Rampage  .    (gloves currently unavailable)
Will    .....      NoTele   +    (boots currently unavailable)
Stlth   +++.......               V - amulet of the acrobat
HPRegen 0.47/turn                F - +6 ring of strength
MPRegen 0.16/turn                m - +6 ring of strength

@: tree-form, heroic, finesse-ful
A: stationary, stasis, torment immunity, boosted hp
a: Renounce Religion, Heroism, Finesse, Duel


You were on level 4 of the Lair of Beasts.
You worshipped Okawaru.
Okawaru was exalted by your worship.
You were a tree.
You visited 3 branches of the dungeon, and saw 15 of its levels.

You collected 1004 gold pieces.
You spent 140 gold pieces at shops.

Inventory:

Hand Weapons
 a - a +2 morningstar of venom
 b - a +3 flail of draining
 G - the +6 flail "Uduiri" (weapon) {flame, Fly rPois Will- Str+3}
   (You found it on level 5 of the Dungeon)

   It burns those it strikes, dealing additional fire damage.
   Str:       It affects your strength (+3).
   rPois:     It protects you from poison.
   Fly:       It grants you flight.
   Will:      It decreases your willpower.
 L - a +4 trident of freezing
Missiles
 l - 2 silver javelins
 I - 2 atropa-tipped darts
 J - 2 javelins
 S - 11 poisoned darts
 T - 8 boomerangs
Armour
 e - a +1 robe of cold resistance
 g - a +0 cloak (melded)
 o - the +4 ring mail "Eturapop" (melded) {rElec rN+ Will+}
   (You found it on level 2 of the Dungeon)

   rElec:     It insulates you from electricity.
   rN:        It protects you from negative energy.
   Will:      It increases your willpower.
 p - a +2 helmet (melded)
 z - a +4 tower shield (worn)
 H - a +4 ring mail of fire resistance
 U - a +0 chain mail of cold resistance
Jewellery
 c - a ring of protection from fire
 j - a ring of protection from fire
 m - a +6 ring of strength (right branch)
 w - the ring of Xom's Recklessness {+Blink rPois rN+ Int+3}
   (You found it on level 4 of the Lair of Beasts)

   [ring of positive energy]

   Int:       It affects your intelligence (+3).
   rPois:     It protects you from poison.
   rN:        It protects you from negative energy.
   +Blink:    It lets you blink.
 y - an amulet of reflection
 F - a +6 ring of strength (left branch)
 V - an amulet of the acrobat (around neck)
Wands
 f - a wand of polymorph (9)
 u - a wand of charming (4)
 D - a wand of digging (7)
 E - a wand of mindburst (24) (quivered)
 X - a wand of roots (6)
Scrolls
 i - 3 scrolls of identify
 q - 7 scrolls of teleportation
 s - 3 scrolls of fog
 A - 2 scrolls of enchant weapon
 K - 2 scrolls of brand weapon {unknown}
 M - a scroll of poison {unknown}
 O - 3 scrolls of immolation
 P - a scroll of amnesia {unknown}
 Q - a scroll of acquirement {unknown}
 R - 2 scrolls of noise {unknown}
 W - a scroll of vulnerability {unknown}
Potions
 d - 3 potions of might
 h - a potion of mutation {unknown}
 k - 2 potions of lignification
 n - a potion of resistance {unknown}
 r - 2 potions of invisibility {unknown}
 t - 8 potions of curing
 v - 2 potions of ambrosia
 x - 3 potions of haste
 B - a potion of cancellation {unknown}
 C - a potion of berserk rage {unknown}
 N - 2 potions of attraction
 Z - a potion of flight {unknown}


   Skills:
 * Level 12.0(17.0) Fighting
 * Level 11.7(16.7) Maces & Flails
 - Level 3.0(8.0) Throwing
 + Level 9.3(14.3) Armour
 + Level 10.0(15.0) Shields
 + Level 7.9 Invocations


You had 12 spell levels left.
You didn't know any spells.
Your spell library contained the following spells:

 Spells                   Type           Power      Damage    Failure   Level
 Kiss of Death            Conj/Necr      0%         2d5       80%         1
 Necrotise                Necr           0%         1d4       80%         1
 Ensorcelled Hibernation  Hex/Ice        0%         N/A       91%         2
 Sublimation of Blood     Necr           0%         N/A       91%         2
 Confusing Touch          Hex            0%         N/A       99%         3
 Vampiric Draining        Necr           0%         2d6       99%         3
 Dispel Undead            Necr           0%         3d6       100%        4
 Manifold Assault         Tloc           0%         N/A       100%        4
 Petrify                  Tmut/Erth      0%         N/A       100%        4
 Agony                    Necr           0%         N/A       100%        5
 Alistair's Intoxication  Tmut/Pois      0%         N/A       100%        5
 Borgnjor's Vile Clutch   Necr/Erth      0%         N/A       100%        5
 Irradiate                Conj/Tmut      0%         3d11      100%        5
 Metabolic Englaciation   Hex/Ice        0%         N/A       100%        5
 Dispersal                Tloc           0%         N/A       100%        6
 Eringya's Noxious Bog    Tmut/Pois      0%         N/A       100%        6
 Statue Form              Tmut/Erth      0%         N/A       100%        6
 Disjunction              Tloc           0%         N/A       100%        8


Dungeon Overview and Level Annotations

Branches:
Dungeon (10/15)            Temple (1/1) D:4            Lair (4/5) D:10
  Swamp (0/4) Lair:3        Snake (0/4) Lair:2
  Slime: Lair:4-5       Orc: D:9-12

Altars:
Ashenzari
Cheibriados
Dithmenos
Elyvilon
Fedhas
Gozag
Hepliaklqana
Kikubaaqudgha
Makhleb
Nemelex Xobeh
Okawaru
Qazlal
Ru
Sif Muna
Trog
Uskayaw
Vehumet
Wu Jian
Xom
Yredelemnul
Zin
The Shining One

Shops:
D:4 [   D:9 ???!


Message History

The death yak is moderately wounded.
You block the death yak's attack. The death yak barely misses you.
The death yak gores you.
* * * LOW HITPOINT WARNING * * *
You block the death yak's attack.
You hit the death yak. You burn the death yak.
The death yak is moderately wounded.
You block the death yak's attack.
The death yak gores you but does no damage.
You sock the death yak! You burn the death yak.
The death yak is moderately wounded.
You block the death yak's attack. x2
You sock the death yak! You burn the death yak.
The death yak is heavily wounded.
You block the death yak's attack. The death yak gores you!!
* * * LOW HITPOINT WARNING * * *
You feel much better. The death yak gores you.
The death yak closely misses you.
You gain the combat prowess of a mighty hero.
You block the death yak's attack. The death yak gores you!
* * * LOW HITPOINT WARNING * * *
You can now deal lightning-fast blows.
The death yak gores you!!
* * * LOW HITPOINT WARNING * * *
The death yak gores you but does no damage.
Okay, then.
Okay, then.
You turn into a tree.
Your +0 cloak melds into your body.
Your +2 helmet melds into your body.
The +4 ring mail "Eturapop" {rElec rN+ Will+} melds into your body.
Your roots penetrate the ground.
The death yak gores you but does no damage.
The death yak barely misses you.
You hit the death yak but do no damage.
The death yak is heavily wounded.
You bludgeon the death yak!! You burn the death yak!
The death yak is almost dead.
The death yak gores you but does no damage.
The death yak gores you!
You die...

..#.# .... ...# ###
... .. ..#.# ...
##Y#### ###
##Y♣)PP##.. #.#^.
#.......... .....
#...######. .#P#
##....#####
##........#
##...###..####
###.###.##..##.######
##...#
##.#..........#
##..###
#.#...........#


You could see 2 death yaks.

Vanquished Creatures
  Fannar (Lair:3)
  A hydra (Lair:3)
  A catoblepas (Lair:1)
  2 death yaks (Lair:4)
  2 oklob plants (Lair:2)
  An ugly thing (D:10)
  5 elephants (Lair:3)
  8 cane toads
  2 unseen horrors
  3 komodo dragons (Lair:1)
  A rime drake (Lair:2)
  4 trolls
  2 polar bears
  25 blink frogs
  A wraith (D:8)
  A wyvern (D:10)
  A shadow (D:9)
  4 basilisks
  26 yaks
  3 steam dragons
  12 water moccasins
  5 nagas (Lair:2)
  Duvessa (D:5)
  An orc warrior (D:8)
  A sky beast (D:8)
  3 ice beasts
  2 black bears (D:5)
  3 wolves
  2 ogres (D:7)
  4 centaurs
  8 bullfrogs
  2 scorpions (D:4)
  8 wights
  Dowan (D:5)
  4 killer bees (D:8)
  An electric eel (D:10)
  11 howler monkeys
  6 hounds
  3 orc priests
  2 iguanas
  5 orc wizards
  7 adders
  A shadow imp (D:7)
  2 white imps
  2 ufetubi
  18 orcs
  A bat (D:2)
  7 endoplasms
  3 giant cockroaches
  6 goblins
  7 hobgoblins
  4 jackals (D:5)
  8 kobolds
  A quokka (D:1)
  9 ball pythons
  A frilled lizard (D:2)
  3 rats
259 creatures vanquished.

Vanquished Creatures (others)
  16 fungi
  14 plants
30 creatures vanquished.

Grand Total: 289 creatures vanquished

Notes
Turn   | Place    | Note
-------+----------+-------------------------------------------
     0 | D:1      | Kazma the Human Fighter began the quest for the Orb.
     0 | D:1      | Reached XP level 1. HP: 18/18 MP: 1/1
   542 | D:1      | Reached XP level 2. HP: 24/24 MP: 2/2
   794 | D:1      | Found a faded altar of an unknown god.
  1383 | D:2      | Reached XP level 3. HP: 29/29 MP: 3/3
  1686 | D:2      | Identified the +4 ring mail "Eturapop" {rElec rN+ Will+}
  1852 | D:2      | Found an ancient bone altar of Kikubaaqudgha.
  2214 | D:2      | Identified the +11 long sword "Dozit" {spect, rCorr Str-3
                  | Dex+4}
  2300 | D:2      | Reached XP level 4. HP: 27/35 MP: 4/4
  2638 | D:3      | Reached XP level 5. HP: 33/42 MP: 5/5
  2732 | D:3      | Found a hide-covered altar of Uskayaw.
  3207 | D:4      | Reached skill level 4 in Fighting
  3207 | D:4      | Reached XP level 6. HP: 45/48 MP: 6/6
  3230 | D:4      | Found a staircase to the Ecumenical Temple.
  3236 | Temple   | Entered the Ecumenical Temple
  3398 | Temple   | Became a worshipper of Warmaster Okawaru
  3750 | D:4      | Found Vatarphai's Armour Emporium.
  4146 | D:5      | Entered Level 5 of the Dungeon
  4146 | D:5      | Noticed a black bear
  4164 | D:5      | Killed a black bear
  4165 | D:5      | Reached XP level 7. HP: 50/55 MP: 7/7
  4320 | D:5      | Noticed a water moccasin
  4322 | D:5      | Reached * piety under Okawaru
  4323 | D:5      | Reached skill level 1 in Throwing
  4334 | D:5      | Killed a water moccasin
  4335 | D:5      | Reached skill level 5 in Shields
  4385 | D:5      | Noticed Dowan
  4406 | D:5      | Killed Dowan
  4409 | D:5      | Found a shimmering blue altar of Sif Muna.
  4418 | D:5      | Got Sif Muna's Catalogue of the Winter
  4423 | D:5      | Found a bloodstained altar of Trog.
  4423 | D:5      | Noticed Duvessa
  4453 | D:5      | Killed Duvessa
  4453 | D:5      | Reached ** piety under Okawaru
  4454 | D:5      | Reached XP level 8. HP: 23/61 MP: 8/8
  4673 | D:5      | Reached skill level 5 in Fighting
  4729 | D:5      | Reached skill level 5 in Armour
  5006 | D:5      | Identified the +6 flail "Uduiri" {flame, Fly rPois Will-
                  | Str+3}
  5577 | D:6      | Reached skill level 5 in Maces & Flails
  5723 | D:7      | Reached XP level 9. HP: 69/69 MP: 9/9
  5931 | D:7      | Reached skill level 1 in Invocations
  5972 | D:7      | Found a shadowy altar of Dithmenos.
  5996 | D:7      | Reached skill level 6 in Fighting
  6036 | D:7      | Reached *** piety under Okawaru
  6640 | D:8      | Noticed a troll
  6941 | D:8      | Killed a troll
  6942 | D:8      | Reached skill level 7 in Fighting
  6970 | D:8      | Reached XP level 10. HP: 79/79 MP: 12/12
  7176 | D:8      | Killed an unseen horror
  7176 | D:8      | Reached **** piety under Okawaru
  8004 | D:9      | Found Tukhig's Magic Scroll Shoppe.
  8151 | D:9      | Reached skill level 8 in Fighting
  8196 | D:9      | Found Fammu's Magic Scroll Shoppe.
  8226 | D:8      | Reached ***** piety under Okawaru
  8680 | D:9      | Found a snail-covered altar of Cheibriados.
  8755 | D:9      | Reached XP level 11. HP: 87/87 MP: 14/14
  8782 | D:9      | Found Abuadek's Magic Scroll Emporium.
  8878 | D:9      | Found Muesofum's Distillery.
  8887 | D:9      | Bought 2 potions of heal wounds for 140 gold pieces
  9044 | D:10     | Entered Level 10 of the Dungeon
  9263 | D:9      | Reached skill level 5 in Invocations
  9484 | D:10     | Reached skill level 9 in Fighting
  9534 | D:10     | Received a gift from Okawaru
  9979 | D:10     | Noticed a green ugly thing
  9989 | D:10     | Killed a green ugly thing
 10339 | D:10     | Found a sacrificial altar of Ru.
 10602 | D:10     | Found a staircase to the Lair.
 10702 | Lair:1   | Entered Level 1 of the Lair of Beasts
 11505 | Lair:1   | Reached XP level 12. HP: 80/97 MP: 14/16
 11537 | Lair:1   | Noticed a catoblepas
 11555 | Lair:1   | Killed a catoblepas
 11556 | Lair:1   | Reached skill level 10 in Fighting
 11727 | Lair:1   | Reached ****** piety under Okawaru
 11727 | Lair:1   | Received a gift from Okawaru
 11756 | Lair:1   | Reached skill level 10 in Maces & Flails
 12249 | Lair:2   | Received a gift from Okawaru
 12993 | Lair:2   | Reached skill level 11 in Fighting
 13180 | Lair:2   | Found a blossoming altar of Fedhas.
 13197 | Lair:2   | Received a gift from Okawaru
 13390 | Lair:2   | Found a staircase to the Snake Pit.
 13702 | Lair:3   | Reached XP level 13. HP: 106/106 MP: 18/18
 13855 | Lair:3   | Noticed a four-headed hydra
 13890 | Lair:3   | Killed a four-headed hydra
 14242 | Lair:3   | Found a staircase to the Swamp.
 14256 | Lair:3   | Noticed Fannar
 14284 | Lair:3   | Killed Fannar
 14323 | Lair:3   | Identified the +0 chain mail "Hero's Friend" {rElec}
                  | (Okawaru gifted it to you on level 3 of the Lair of Beasts)
 14323 | Lair:3   | Received a gift from Okawaru
 14324 | Lair:3   | Reached skill level 10 in Shields
 14768 | Lair:4   | Identified the ring of Xom's Recklessness {+Blink rPois rN+
                  | Int+3}
 15126 | Lair:4   | Identified the +3 rapier of the Flying Gods {speed, rN++
                  | rCorr Dex+6}
 15176 | Lair:4   | Reached skill level 12 in Fighting
 15193 | Lair:4   | Slain by a death yak

Illustrated notes

Levels and vault maps discovered:
D:1:      co_arrival_random_square_maze, layout_basic,
          chequers_ecumenical_altar_simple_redux, serial_bayou_pond_a
D:2:      minmay_door_path, layout_basic, basic_altar
D:3:      layout_rooms, old_standard_altar
D:4:      layout_gridville, minmay_temple_entry_enclosed_plants, serial_shops,
          nicolae_shop_stone, kennysheep_generic_room_4
D:5:      layout_basic, nzn_overflow_gifts_of_might_and_magic,
          kennysheep_generic_room_10
D:6:      layout_basic
D:7:      layout_basic, lemuel_crystal_altar, kennysheep_generic_room_3
D:8:      layout_basic
D:9:      layout_long_grid, cheibriados_altar_1, serial_shops,
          nicolae_shop_stone, nicolae_shop_trees, shop, nicolae_diamond_shop,
          hangedman_decor_growths
D:10:     layout_stronghold, mainiacjoe_overflow_concentric_impassable,
          erik_lair_island
Temple:   nicolae_temple_bog_church
Lair:1:   layout_cave_pods, grunt_megastairs_1
Lair:2:   layout_chaotic_city, minmay_snake_entry_guardpost_medium,
          hangedman_tree_tricks, beast_lair_carwin_3
Lair:3:   layout_concentric_octagons, swamp_mist, grunt_megastairs_4,
          uniq_fannar
Lair:4:   layout_loops_ring

Skill      XL: |  1  2  3  4  5  6  7  8  9 10 11 12 13 |
---------------+----------------------------------------+-----
Maces & Flails | 3 4 5 6 8 9 10 11 | 11.7
Fighting       | 4 5 7 8 9 11 12 | 12.0
Armour         | 4 5 6 7 8 9 |  9.3
Shields        | 4 5 6 7 8 9 10 | 10.0
Throwing       | 1 3 |  3.0
Invocations    | 3 4 5 7 |  7.9

Action                   |  1- 3 |  4- 6 |  7- 9 | 10-12 | 13-15 || total
-------------------------+-------+-------+-------+-------+-------++-------
Melee: Flail             |    91 |   102 |   217 |   469 |   143 ||  1022
Invok: Heroism           |       |       |     1 |     4 |     3 ||     8
       Finesse           |       |       |       |     1 |     3 ||     4
Evoke: Wand              |       |       |       |     4 |       ||     4
  Use: Potion            |       |     3 |     2 |       |     3 ||     8
       Scroll            |       |     3 |     7 |     6 |       ||    16
Armor: Scale mail        |    20 |       |       |       |       ||    20
       Ring mail         |    13 |    50 |    54 |   144 |    31 ||   292
       Skin              |       |       |       |       |     2 ||     2
Dodge: Dodged            |    43 |    40 |    44 |    91 |    35 ||   253
Block: Buckler           |    19 |    16 |       |       |       ||    35
       Tower shield      |       |    71 |   283 |   479 |   122 ||   955
       Reflection        |       |       |     7 |    12 |       ||    19

Table legend: (Time is in decaauts)
 A = Elapsed time spent in this place.
 B = Non-inter-level travel time spent in this place.
 C = Inter-level travel time spent in this place.
 D = Time resting spent in this place.
 E = Time spent auto-exploring this place.
 F = Levels seen in this place.
 G = Mean time per level.
                   A        B        C        D        E       F      G
               +--------+--------+--------+--------+--------+-----+--------+
         Total |  15460 |  14748 |    712 |   1544 |   9318 |  15 | 1030.7 |
       Dungeon |  10777 |  10197 |    580 |   1240 |   6322 |  10 | 1077.7 |
        Temple |    181 |    181 |      0 |      0 |      0 |   1 |  181.0 |
          Lair |   4501 |   4369 |    132 |    304 |   2996 |   4 | 1125.2 |
               +--------+--------+--------+--------+--------+-----+--------+

Top non-repeatable levels by time:
     D:8: 1556 daAuts
  Lair:2: 1506 daAuts
  Lair:1: 1486 daAuts
     D:9: 1448 daAuts
     D:1: 1392 daAuts
     D:2: 1249 daAuts
    D:10: 1173 daAuts
     D:5: 1096 daAuts
  Lair:3: 1026 daAuts
     D:7: 930 daAuts
     D:4: 884 daAuts
     D:6: 529 daAuts
     D:3: 515 daAuts
  Lair:4: 483 daAuts
  Temple: 181 daAuts
